 Dungeon Crawl Stone Soup version 0.18-a0-1797-gc18daef (webtiles) character file.

93165 Medar the Bludgeoner (level 15, -5/171 HPs)
             Began as a Troll Chaos Knight on Apr 8, 2016.
             Killed from afar by an orc sorcerer (42 damage)
             ... with a bolt of negative energy
             ... on level 2 of the Orcish Mines on Apr 22, 2016.
             The game lasted 02:07:25 (32727 turns).

Medar the Bludgeoner (Troll Chaos Knight)          Turns: 32727, Time: 02:07:26

Health: -5/171     AC: 24    Str: 28    XL:     15   Next: 59%
Magic:  12/12      EV:  8    Int: 15    God:    Xom [....*.]
Gold:   1496       SH:  2    Dex: 14    Spells: 3 memorised, 9 levels left

rFire  + . .     SeeInvis +     a - +1 giant spiked club (venom)
rCold  + + +     Gourm    +     Y - +0 ice dragon armour
rNeg   . . .     Faith    .     (shield currently unavailable)
rPois  .         Spirit   .     (helmet restricted)
rElec  .         Dismiss  .     p - +1 cloak {rC+}
rCorr  .         Reflect  .     (gloves unavailable)
SustAt .         Harm     +     (boots unavailable)
MR     ++...                    q - amulet of harm
Stlth  ..........               O - +2 ring of strength
                                T - ring of Suspected Treachery {+Inv rC+ MR+ Int+3}

@: very slightly contaminated, heavily drained, very resistant to hostile
enchantments, extremely unstealthy
A: unfitting armour, claws 3, talons 3, iridescent scales 1, large bone plates
1, thin skeletal structure 1, see invisible, blink, clever 2, cold resistance 1,
fire resistance 2, fast metabolism 3, gourmand, low mp 1, sense surroundings 1,
regeneration 2, robust 2, shaggy fur 2, tough skin 2, subdued magic 1
a: Blink, Renounce Religion, Evoke Invisibility


You were on level 2 of the Orcish Mines.
You worshipped Xom.
You were a beloved toy of Xom.
You were completely stuffed.

You visited 3 branches of the dungeon, and saw 23 of its levels.
You visited the Abyss 1 time.
You also visited: Ice Cave.

You collected 2312 gold pieces.
You spent 816 gold pieces at shops.

Inventory:

Hand Weapons
 a - a +1 giant spiked club of venom (weapon)
 b - a +0 blowgun
Missiles
 j - 3 javelins
 l - 8 curare-tipped needles
 n - 5 poisoned tomahawks
 o - 4 javelins of returning
 r - 54 poisoned needles
 C - 5 steel tomahawks
 L - 8 needles of sleeping
 P - 3 throwing nets {=f =F}
 U - 8 tomahawks
 Z - 3 large rocks (quivered)
Armour
 p - a +1 cloak of cold resistance (worn)
 V - a fire dragon hide
 Y - a +0 ice dragon armour (worn)
Magical Staves
 D - an uncursed staff of air
Jewellery
 h - an uncursed ring of positive energy
 k - an uncursed ring of resist corrosion
 q - an amulet of harm (around neck)
 M - an uncursed ring of protection from fire
 O - a +2 ring of strength (right claw)
 T - the ring of Suspected Treachery (left claw) {+Inv rC+ MR+ Int+3}
   (You found it on level 8 of the Dungeon)

   [ring of protection from cold]

   It affects your intelligence (+3).
   It protects you from cold.
   It affects your resistance to hostile enchantments.
   It lets you turn invisible.
 W - an uncursed amulet of faith
Wands
 d - a wand of flame (31/48)
 u - a wand of iceblast (9/15)
 v - a wand of confusion (10/48)
 x - a wand of acid (0/15)
 y - a wand of disintegration (6/24)
 B - a wand of iceblast (5/15)
 F - a wand of flame (4/48)
Scrolls
 e - 2 scrolls of blinking
 g - a scroll of recharging
 i - 11 scrolls of remove curse {@r1}
 t - a scroll of magic mapping {@r3}
 w - a scroll of enchant armour
 G - a scroll of teleportation
 H - 3 scrolls of immolation
 I - 3 scrolls of fog
Potions
 f - 3 potions of curing {@q1}
 m - 2 potions of might
 s - 6 potions of flight
 z - 2 potions of ambrosia
 A - a potion of magic
 E - 2 potions of resistance
 J - a potion of cure mutation {!q}
 K - 3 potions of heal wounds
 Q - a potion of brilliance
 X - a potion of cancellation {unknown}
Miscellaneous
 N - a fan of gales
Comestibles
 c - 13 bread rations {@e1}
 R - 3 chunks of flesh
 S - 9 fruits {@e3}


   Skills:
 - Level 8.0(5.3) Fighting
 + Level 20.0(16.4) Maces & Flails
 - Level 5.1(2.6) Throwing
 + Level 9.5(6.6) Armour
 - Level 3.6(1.2) Dodging


You had 9 spell levels left.
You knew the following spells:

 Your Spells              Type           Power        Failure   Level  Hunger
b - Swiftness             Chrm/Air       #.......     85%         2    ###....
c - Summon Butterflies    Summ           #.......     63%         1    ##.....
r - Repel Missiles        Chrm/Air       #.....       85%         2    ###....


Dungeon Overview and Level Annotations

Branches:
Dungeon (13/15)            Temple (0/1) D:6            Lair (8/8) D:10
  Swamp (0/4) Lair:4       Spider (0/4) Lair:5        Slime (0/6) Lair:7
    Orc (2/2) D:12            Elf (0/3) Orc:2        Vaults (0/5) D:13

Altars:
Ashenzari
Cheibriados
Elyvilon
Kikubaaqudgha
Pakellas
Qazlal
Sif Muna
Vehumet
Xom
Yredelemnul
Zin
The Shining One

Shops:
D:6 ?:?*(   Orc:2 }

Annotations:
D:4 incide's ghost, amateur DsGl


Innate Abilities, Weirdness & Mutations

You are too large for most types of armour.
You have claws for hands.
Your metabolism is lightning-fast.
You like to eat raw meat.
You heal very quickly.
You are covered in thick fur (AC +2).
You have very tough skin (AC +2).
You have claws for feet.
You are partially covered in iridescent scales (AC +4).
You are partially covered in large bone plates (AC +2, SH +2).
You have a somewhat thin skeletal structure (Dex +2, Stealth).
You have supernaturally acute eyesight.
You can translocate small distances at will.
Your mind is very acute. (Int +4)
Your flesh is cold resistant.
Your flesh is very heat resistant.
Your magical capacity is low (-10% MP).
You passively map a small area around you.
You are very robust (+20% HP).
Your spells are a little easier to cast, but a little less powerful.


Message History

The ball of steam hits you! You resist.
Things that are here:
a dagger; a robe; an orc corpse Throwing (i - inventory. (,) - cycle):
Z - 4 large rocks (quivered)
Press: ? - help, Shift-Dir - straight line, f - orc sorcerer
Aim: an orc sorcerer, wielding a dagger and wearing a glowing robe (heavily wounded)
You throw a large rock. The large rock hits the orc sorcerer!
The orc sorcerer is severely wounded.
Something hits the smoke demon!
The smoke demon gestures at you. Something smites you!
* * * LOW HITPOINT WARNING * * *
The ufetubus hits you but does no damage.
The ufetubus completely misses you.
Something hits the smoke demon!!
The smoke demon dies!
The orc sorcerer points at you and mumbles some strange words.
The bolt of negative energy hits the ufetubus.
The ufetubus completely resists.
The bolt of negative energy hits you!
You feel drained.
You die...

.....#....).[..)......##
,*#.........)..........#
##...).....)))[......# ...
##.#.[).....[)[......## *
...##...........)[).......#
.....##.......)............#
............).).............
*
.#.$.....5.@...)...........#
*
...........5................
.#....#..§3.....[..[....#..#
*#......#.)#)....)...........
#......#..(o...............#
*
#.......#.#(......#...#.....
...###......................
**#o§..)..............##.#


You could see a ynoxinul, an orc sorcerer, an orc priest and 2 ufetubi.

Vanquished Creatures
  A deep elf sorcerer (Abyss:2)
  A balrug (Abyss:2)
  A cacodemon (Abyss:2)
  Snorg (Orc:2)
  Fannar (D:11)
  A fire dragon (Lair:8)
  An ice dragon (Lair:8)
  5 hydras
  A centaur warrior (D:13)
  A dancing weapon (D:13)
  A tengu warrior (D:9)
  6 death yaks (Lair:6)
  A deep troll earth mage (D:13)
  Nergalle (D:11)
  Sonja (Orc:2)
  2 wretched stars (Abyss:2)
  A skeletal warrior (D:13)
  A fire crab (Lair:7)
  An unseen horror (D:11)
  A large abomination (Abyss:2)
  A lindwurm (Lair:8)
  A phantasmal warrior (D:13)
  2 oklob plants (Lair:7)
  A necromancer (IceCv)
  A hill giant (D:13)
  A shining eye (D:10)
  2 ugly things
  A hornet (Lair:8)
  2 orc sorcerers (Orc:2)
  3 griffons
  2 wolf spiders (Lair:8)
  18 elephants
  A cyclops (D:13)
  Maurice (D:11)
  2 guardian serpents (Lair:8)
  An ice statue (IceCv)
  4 torpor snails (Lair:8)
  A smoke demon (Abyss:2)
  8 black mambas
  24 spiny frogs
  An orange demon (Abyss:2)
  5 rime drakes
  A hellwing (Abyss:2)
  A demonic crawler (Abyss:2)
  11 freezing wraiths
  4 komodo dragons
  A tengu conjurer (D:9)
  2 ancient zymes (Abyss:2)
  A silent spectre (Abyss:2)
  2 trolls
  2 polar bears
  A two-headed ogre (D:8)
  7 giant leeches (Lair:8)
  6 slime creatures (D:12)
  21 blink frogs
  2 boulder beetles
  A redback (Lair:8)
  10 wyverns
  A wraith (D:12)
  2 basilisks
  2 hill giant zombies (D:12)
  2 ynoxinuls (Abyss:2)
  38 yaks
  A steam dragon (D:9)
  A neqoxec (Abyss:2)
  4 small abominations (Abyss:2)
  6 hungry ghosts
  15 hippogriffs
  Menkaure (D:7)
  A soldier ant (D:8)
  2 vampire mosquitoes (D:13)
  A warg (Orc:1)
  A death yak simulacrum (IceCv)
  2 spatial vortices
  An insubstantial wisp (Abyss:2)
  2 mottled dragons
  25 water moccasins
  13 orc warriors
  5 porcupines
  3 hell hounds (Abyss:2)
  A sky beast (D:12)
  6 ogres
  8 wasps (Lair:8)
  A phantom (D:9)
  4 black bears
  7 ice beasts
  An alligator simulacrum (IceCv)
  5 centaurs
  3 eyes of draining
  11 wolves
  A big kobold (Lair:3)
  12 crocodiles
  Blork the orc (D:3)
  2 elf zombies (D:10)
  22 giant frogs
  A gnoll sergeant (D:7)
  A wyvern zombie (D:12)
  5 scorpions
  6 killer bees
  5 wights
  2 howler monkeys
  2 electric eels
  5 crimson imps
  4 centaur zombies
  3 draconian simulacra (IceCv)
  2 giant frog zombies
  A quasit (D:11)
  8 orc priests
  6 jellies
  A gnoll shaman (Orc:2)
  3 hounds
  2 human zombies (D:10)
  2 centaur skeletons
  22 orc wizards
  An iron imp (Abyss:2)
  Jessica (D:2)
  A human skeleton (Abyss:2)
  12 iguanas
  3 troll simulacra (IceCv)
  A hell rat (Lair:8)
  Natasha (thrice) (D:3)
  A polar bear simulacrum (IceCv)
  16 worker ants
  A wolf simulacrum (IceCv)
  13 sheep
  4 centaur simulacra (IceCv)
  3 ogre zombies (D:12)
  2 hound zombies
  4 mummies (D:10)
  2 worker ant zombies
  Robin (D:3)
  11 gnolls
  2 howler monkey skeletons
  22 adders
  6 naga simulacra (IceCv)
  4 ogre simulacra (IceCv)
  77 river rats
  2 shadow imps
  11 white imps (IceCv)
  An ufetubus (Abyss:2)
  6 oozes
  An adder zombie (D:9)
  2 adder skeletons
  17 worms
  2 dart slugs
  4 giant geckos
  52 orcs
  21 bats
  7 giant cockroaches
  6 hobgoblins
  14 jackals
  3 quokkas
  2 ball pythons
  A giant gecko zombie (D:5)
  3 giant newts
  16 goblins
  2 goblin zombies (D:12)
  2 hobgoblin skeletons (D:12)
  A jackal zombie (D:5)
  7 kobolds
  2 orc skeletons (D:12)
  13 orc zombies
  A quokka skeleton (D:8)
  16 rats
  A fungus (Lair:8)
  2 plants
890 creatures vanquished.

Vanquished Creatures (collateral kills)
  An ettin (Orc:1)
  The ghost of braks the Fighter, a journeyman DsGl of Kikubaaqudgha (Lair:1)
  A rime drake (Lair:7)
  4 yaks (D:10)
  A hungry ghost (D:7)
  A warg (Orc:2)
  An ice beast (D:10)
  3 orc warriors
  An eye of draining (D:10)
  3 wolves (Lair:1)
  An ogre (D:10)
  A centaur (D:6)
  2 crimson imps
  A jelly (D:6)
  A human zombie (D:10)
  2 orc priests (Orc:2)
  2 orc wizards
  8 gnolls
  3 river rats
  A white imp (IceCv)
  A worm (Lair:8)
  9 orcs
  A jackal (D:3)
  A kobold (D:3)
51 creatures vanquished.

Vanquished Creatures (others)
  A soul eater (Abyss:2)
  A torpor snail (Lair:8)
  A yak (Lair:8)
  A golden eye (Abyss:2)
  A water moccasin (Lair:2)
  A crocodile (Lair:7)
  A giant frog (Lair:7)
  2 killer bees (D:13)
  An iguana (D:13)
  5 sheep (D:8)
  A kobold (D:3)
  69 fungi
  51 plants
  5 starspawn tentacles (Abyss:2)
  151 starspawn tentacle segments (Abyss:2)
292 creatures vanquished.

Grand Total: 1233 creatures vanquished

Notes
Turn   | Place    | Note
--------------------------------------------------------------
     0 | D:1      | Medar the Troll Chaos Knight began the quest for the Orb.
     0 | D:1      | Reached XP level 1. HP: 22/22 MP: 0/0
    83 | D:1      | XOM: harmless Necr miscast
    98 | D:1      | XOM: divination: detect items
   181 | D:1      | XOM: harmless Fire miscast
   226 | D:1      | Reached skill level 3 in Maces & Flails
   378 | D:1      | You fall through a shaft!
   527 | D:1      | Reached XP level 2. HP: 27/29 MP: 1/1
   660 | D:1      | XOM: harmless Necr miscast
  1102 | D:2      | Reached XP level 3. HP: 36/36 MP: 2/2
  1289 | D:2      | Noticed Jessica
  1297 | D:2      | Killed Jessica
  1297 | D:2      | Reached skill level 4 in Maces & Flails
  1419 | D:2      | Reached XP level 4. HP: 44/44 MP: 3/3
  1431 | D:2      | XOM: divination: magic mapping
  1456 | D:2      | XOM: divination: detect items
  1643 | D:2      | Found a shattered altar of Ashenzari.
  1782 | D:3      | XOM: silly message
  1807 | D:3      | XOM: medium Tloc miscast
  1835 | D:3      | Noticed Natasha
  1855 | D:3      | Killed Natasha
  1859 | D:3      | XOM: harmless Trmt miscast
  1870 | D:3      | Reached skill level 5 in Maces & Flails
  1870 | D:3      | Reached XP level 5. HP: 50/50 MP: 4/4
  1880 | D:3      | XOM: enchant monster (good)
  1986 | D:3      | XOM: medium Ice miscast
  2025 | D:3      | XOM: 1-stop teleportation journey
  2026 | D:3      | Noticed Robin
  2026 | D:3      | Noticed Natasha
  2333 | D:3      | Noticed Blork the orc
  2472 | D:3      | XOM: smoke on damage
  2498 | D:3      | Killed Robin
  2501 | D:3      | XOM: god gift: scroll labeled REDGHY POZOETS
  2571 | D:3      | Killed Natasha
  2571 | D:3      | Reached skill level 6 in Maces & Flails
  2952 | D:4      | Noticed Eustachio
  2979 | D:4      | Noticed Eustachio
  2979 | D:4      | Eustachio changed into Eustachio the iguana
  2979 | D:4      | XOM: polymorph Eustachio -> Eustachio the iguana
  2981 | D:3      | Reached XP level 6. HP: 39/59 MP: 5/5
  3075 | D:4      | XOM: god gift: 20 sling bullets of frost
  3093 | D:4      | Noticed incide's ghost (amateur DsGl)
  3102 | D:4      | XOM: enchant monster (good)
  3214 | D:3      | Noticed Natasha
  3227 | D:3      | Killed Natasha
  3305 | D:4      | XOM: 1-stop teleportation journey
  3346 | D:3      | Found a deep blue altar of Sif Muna.
  3352 | D:3      | Killed Eustachio the iguana
  3355 | D:3      | Killed Blork the orc
  3355 | D:3      | Reached skill level 7 in Maces & Flails
  3528 | D:4      | XOM: blink monster(s)
  3565 | D:3      | Reached XP level 7. HP: 39/66 MP: 6/6
  3614 | D:3      | XOM: vitrification
  3702 | D:4      | XOM: enchant monster (good)
  3981 | D:4      | XOM: mild Ice miscast
  4072 | D:4      | XOM: divination: detect creatures
  4138 | D:4      | XOM: noise
  4141 | D:3      | Gained mutation: Armour fits poorly on your strangely shaped body. [potion of mutation]
  4141 | D:3      | Gained mutation: Your spells are a little easier to cast, but a little less powerful. [potion of mutation]
  4141 | D:3      | Gained mutation: You are robust (+10% HP). [potion of mutation]
  4274 | D:5      | Entered Level 5 of the Dungeon
  4361 | D:5      | XOM: potion effect (haste)
  4362 | D:5      | Reached skill level 8 in Maces & Flails
  4416 | D:5      | Found a sand-covered staircase.
  4422 | D:5      | XOM: silly message
  4427 | D:5      | XOM: potion effect (might)
  4872 | D:4      | XOM: harmless Summ miscast
  4949 | D:4      | XOM: potion effect (agility)
  4950 | D:4      | XOM: potion effect (invisibility)
  5124 | D:5      | XOM: divination: detect creatures
  5129 | D:5      | Reached skill level 9 in Maces & Flails
  5129 | D:5      | Reached XP level 8. HP: 27/81 MP: 7/7
  5390 | D:6      | Found Omiam's Assorted Antiques.
  5390 | D:6      | Found Mazybaka's Magic Scroll Boutique.
  5390 | D:6      | Found Takliupn's Book Shoppe.
  5462 | D:6      | Bought a scroll of noise for 12 gold pieces
  5462 | D:6      | Bought a scroll of blinking for 90 gold pieces
  5462 | D:6      | Bought a scroll of immolation for 42 gold pieces
  5462 | D:6      | Bought a scroll of random uselessness for 12 gold pieces
  5482 | D:6      | XOM: silly message
  5563 | D:6      | XOM: polymorph goblin -> giant gecko
  5730 | D:6      | Found a basalt altar of Yredelemnul.
  5731 | D:6      | Found Padosch's Weapon Shoppe.
  5737 | D:6      | Found a staircase to the Ecumenical Temple.
  5749 | D:6      | XOM: potion effect (haste)
  5755 | D:6      | Found Mebbuh's Magic Scroll Shop.
  5764 | D:6      | XOM: summons 8 friendly demons
  5782 | D:6      | Reached skill level 10 in Maces & Flails
  5814 | D:6      | Bought a scroll of fog for 24 gold pieces
  5892 | D:6      | Bought a +0 morningstar for 48 gold pieces
  5930 | D:6      | Found a glowing golden altar of the Shining One.
  6099 | D:6      | XOM: scenery: create altars
  6109 | D:7      | Noticed Menkaure
  6109 | D:7      | XOM: summons 8 friendly demons
  6114 | D:7      | Killed Menkaure
  6180 | D:7      | Found a snail-covered altar of Cheibriados.
  6181 | D:7      | Found a basalt altar of Yredelemnul.
  6225 | D:7      | Found an oddly glowing altar of Pakellas.
  6257 | D:7      | XOM: smoke on damage
  6351 | D:7      | XOM: summons 2 hostile shadow creatures
  6434 | D:7      | XOM: scenery: create altars
  6467 | D:7      | XOM: summons 2 friendly demons
  6478 | D:7      | XOM: divination: detect creatures
  6559 | D:7      | Reached skill level 11 in Maces & Flails
  6564 | D:7      | Reached XP level 9. HP: 88/88 MP: 8/8
  6915 | D:7      | XOM: noise
  6984 | D:7      | Found a glowing silver altar of Zin.
  6998 | D:7      | Found a radiant altar of Vehumet.
  7111 | D:7      | XOM: vitrification
  7438 | D:8      | Got a faintly glowing bronze ring
  7440 | D:8      | Identified the ring of Suspected Treachery {+Inv rC+ MR+ Int+3} (You found it on level 8 of the Dungeon)
  7616 | D:8      | XOM: harmless Trmt miscast
  7751 | D:8      | XOM: scenery: create altars
  8133 | D:8      | XOM: medium Conj miscast
  8133 | D:8      | XOM: smoke on damage
  8189 | D:8      | Found a shimmering altar of Xom.
  8272 | D:9      | Found a stormy altar of Qazlal.
  8472 | D:9      | XOM: swap monsters
  8473 | D:9      | Noticed a tengu warrior
  8474 | D:9      | Noticed a tengu conjurer
  8482 | D:8      | XOM: divination: magic mapping
  8484 | D:8      | XOM: harmless Chrm miscast
  8489 | D:8      | Reached skill level 12 in Maces & Flails
  8605 | D:8      | XOM: vitrification
  8692 | D:6      | Bought a scroll of identify for 24 gold pieces
  8692 | D:6      | Bought a scroll of identify for 24 gold pieces
  8692 | D:6      | Bought a scroll of identify for 24 gold pieces
  8692 | D:6      | Bought a scroll of identify for 24 gold pieces
  8692 | D:6      | Bought 3 scrolls of identify for 72 gold pieces
  8699 | D:6      | Gained mutation: You have sharp toenails. [potion of beneficial mutation]
  8828 | D:9      | XOM: swap monsters
  8846 | D:9      | XOM: enchant monster (good)
  8859 | D:9      | Reached XP level 10. HP: 31/103 MP: 9/9
  8974 | D:8      | XOM: harmless Hex miscast
  9062 | D:9      | XOM: summons friendly crimson imp
  9104 | D:9      | XOM: polymorph crimson imp -> white imp
  9203 | D:9      | XOM: harmless Pois miscast
  9206 | D:9      | XOM: enchant monster (bad)
  9210 | D:9      | XOM: enchant monster (good)
  9220 | D:9      | XOM: summons friendly crimson imp
  9234 | D:9      | XOM: divination: detect creatures
  9247 | D:9      | XOM: divination: detect creatures
  9254 | D:9      | XOM: confuse monster(s)
  9275 | D:9      | Killed a tengu warrior
  9275 | D:9      | Reached skill level 5 in Fighting
  9520 | D:9      | XOM: give mutation
  9520 | D:9      | Gained mutation: You are partially covered in large bone plates (AC +2, SH +2). [Xom's grace]
  9623 | D:9      | Reached skill level 13 in Maces & Flails
  9902 | D:10     | Entered Level 10 of the Dungeon
  9907 | D:9      | XOM: vitrification
 10115 | D:10     | XOM: summons 5 hostile shadow creatures
 10234 | D:10     | XOM: harmless Air miscast
 10252 | D:10     | XOM: polymorph yak -> hippogriff
 10253 | D:10     | XOM: potion effect (haste)
 10259 | D:10     | XOM: potion effect (berserk rage)
 10268 | D:10     | XOM: potion effect (heal wounds)
 10289 | D:10     | XOM: destruction
 10490 | D:10     | XOM: fog
 10510 | D:10     | Reached XP level 11. HP: 81/117 MP: 10/10
 10653 | D:10     | XOM: noise
 10732 | D:10     | Found a staircase to the Lair.
 10760 | D:10     | Noticed a hill giant
 10761 | D:10     | XOM: summons friendly crimson imp
 10779 | D:10     | Noticed a shining eye
 10779 | D:10     | a hill giant changed into a shining eye
 10779 | D:10     | XOM: polymorph hill giant -> shining eye
 10780 | D:10     | Gained mutation: You are clumsy. (Dex -2) [a shining eye]
 10860 | D:10     | Reached skill level 14 in Maces & Flails
 11049 | D:10     | Killed a shining eye
 11228 | D:10     | XOM: harmless Chrm miscast
 11237 | D:10     | Found an ancient bone altar of Kikubaaqudgha.
 11257 | D:10     | XOM: fog
 11282 | D:10     | XOM: fake destruction
 11422 | D:10     | Upgraded the game from 0.18-a0-1718-g40ea4b6 to 0.18-a0-1789-gbeff17f
 11423 | Lair:1   | Entered Level 1 of the Lair of Beasts
 11575 | Lair:1   | Noticed braks's ghost (journeyman DsGl)
 11601 | Lair:1   | XOM: 1-stop teleportation journey
 11618 | Lair:1   | XOM: summons 4 hostile demons
 11637 | Lair:1   | XOM: cast spell 'Confusing Touch'
 11641 | Lair:1   | Lost dexterity.
 11641 | Lair:1   | XOM: smoke on damage
 11903 | Lair:1   | XOM: 4-stop teleportation journey
 11942 | Lair:1   | XOM: god gift: 54 gold pieces
 12242 | Lair:1   | XOM: summons 11 friendly demons
 12380 | D:11     | Noticed a red ugly thing
 12390 | D:11     | XOM: divination: detect items
 12392 | D:11     | Killed a red ugly thing
 12438 | D:11     | XOM: scenery: create altars
 12439 | D:11     | Noticed Nergalle
 12460 | D:11     | XOM: confuse monster(s)
 12644 | Lair:1   | XOM: harmless Summ miscast
 12813 | Lair:1   | XOM: give mutations
 12813 | Lair:1   | Gained mutation: You are covered in thick fur (AC +2). [Xom's mischief]
 12813 | Lair:1   | Gained mutation: You have razor-sharp toenails. [Xom's mischief]
 12813 | Lair:1   | Lost mutation: Armour fits poorly on your strangely shaped body. [Xom's mischief]
 12832 | Lair:1   | XOM: colour smoke trail
 12970 | Lair:1   | XOM: swap monsters
 13094 | Lair:1   | XOM: blink monster(s)
 13163 | Lair:1   | XOM: polymorph blink frog -> spiny frog
 13752 | Lair:1   | XOM: noise
 13840 | Lair:2   | XOM: 1-stop teleportation journey
 13846 | Lair:1   | XOM: swap monsters
 13920 | Lair:1   | XOM: give mutations
 13920 | Lair:1   | Gained mutation: You possess an exceptional clarity of mind. [Xom's grace]
 13920 | Lair:1   | Gained mutation: You can translocate small distances at will. [Xom's grace]
 13920 | Lair:1   | Gained mutation: Your mind is acute. (Int +2) [Xom's grace]
 14097 | Lair:1   | XOM: scenery: create altars
 14143 | Lair:2   | XOM: give mutations
 14143 | Lair:2   | Gained mutation: Your flesh is cold resistant. [Xom's grace]
 14143 | Lair:2   | Gained mutation: You are partially covered in thin metallic scales (AC +2). [Xom's grace]
 14190 | Lair:2   | XOM: 4-stop teleportation journey
 14202 | Lair:2   | Reached skill level 15 in Maces & Flails
 14251 | Lair:2   | XOM: vitrification
 14348 | D:10     | XOM: 5-stop teleportation journey
 14432 | D:6      | Bought a scroll of blinking for 90 gold pieces
 14445 | D:6      | XOM: give mutations
 14445 | D:6      | Gained mutation: Your flesh is heat resistant. [Xom's grace]
 14445 | D:6      | Gained mutation: You evolve. [Xom's grace]
 14445 | D:6      | Lost mutation: You are clumsy. (Dex -2) [Xom's grace]
 14445 | D:6      | Gained mutation: You are agile. (Dex +2) [Xom's grace]
 14449 | D:6      | Bought a scroll of blinking for 90 gold pieces
 14625 | D:10     | Upgraded the game from 0.18-a0-1789-gbeff17f to 0.18-a0-1797-gc18daef
 14681 | Lair:1   | XOM: smoke on damage
 14682 | Lair:1   | XOM: cast spell 'Summon Hydra'
 14688 | Lair:1   | Killed braks's ghost
 14889 | Lair:2   | XOM: summons friendly ufetubus
 14896 | Lair:2   | Reached skill level 1 in Throwing
 15138 | Lair:2   | XOM: confuse monster(s)
 15166 | Lair:2   | XOM: summons friendly iron imp
 15178 | Lair:2   | Reached XP level 12. HP: 127/130 MP: 11/11
 15273 | Lair:2   | XOM: enchant monster (bad)
 15346 | Lair:2   | XOM: confuse monster(s)
 15455 | Lair:2   | XOM: potion effect (might)
 15758 | Lair:2   | XOM: harmless Summ miscast
 15848 | Lair:2   | Reached skill level 5 in Throwing
 16069 | Lair:3   | Reached skill level 1 in Armour
 16161 | Lair:3   | XOM: divination: detect items
 16186 | Lair:3   | XOM: mild Chrm miscast
 16312 | Lair:3   | XOM: enchant monster (good)
 16449 | Lair:3   | XOM: harmless Pois miscast
 16481 | Lair:3   | Learned a level 2 spell: Repel Missiles
 16484 | Lair:3   | Learned a level 2 spell: Swiftness
 16522 | Lair:3   | XOM: polymorph blink frog -> big kobold
 16529 | Lair:3   | XOM: enchant monster (good)
 16531 | Lair:3   | XOM: confuse monster(s)
 16561 | Lair:3   | XOM: summons friendly ufetubus
 16706 | Lair:3   | XOM: vitrification
 16915 | Lair:3   | XOM: fog
 16916 | Lair:3   | XOM: enchant monster (good)
 17167 | Lair:3   | XOM: vitrification
 17359 | Lair:4   | XOM: fake destruction
 17383 | Lair:4   | XOM: scenery: 1 doors open
 17596 | Lair:4   | XOM: polymorph spiny frog -> hippogriff
 18059 | Lair:4   | Found a staircase to the Swamp.
 18130 | Lair:4   | XOM: vitrification
 18165 | Lair:4   | XOM: give mutations
 18165 | Lair:4   | Lost mutation: You are partially covered in thin metallic scales (AC +2). [Xom's mischief]
 18165 | Lair:4   | Lost mutation: You are agile. (Dex +2) [Xom's mischief]
 18176 | Lair:4   | XOM: summons 6 hostile demons
 18274 | Lair:4   | Gained mutation: Your magical capacity is low (-10% MP). [evolution]
 18274 | Lair:4   | Lost mutation: You evolve. [end of evolution]
 18400 | Lair:5   | XOM: mild Ice miscast
 18515 | Lair:5   | XOM: polymorph wasp -> worm
 18530 | Lair:5   | Found a hole to the Spider Nest.
 18708 | Lair:5   | Reached skill level 16 in Maces & Flails
 18909 | Lair:5   | Noticed an eight-headed hydra
 18981 | Lair:5   | XOM: summons friendly shadow imp
 18986 | Lair:5   | XOM: snakes to sticks
 19001 | Lair:4   | XOM: give mutations
 19001 | Lair:4   | Gained mutation: You are partially covered in iridescent scales (AC +4). [Xom's grace]
 19001 | Lair:4   | Gained mutation: Your flesh is very heat resistant. [Xom's grace]
 19001 | Lair:4   | Gained mutation: You are somewhat resistant to further mutation. [Xom's grace]
 19001 | Lair:4   | Gained mutation: Your mind is very acute. (Int +4) [Xom's grace]
 19107 | Lair:5   | Noticed a five-headed hydra
 19143 | Lair:5   | XOM: scenery: create altars
 19179 | Lair:5   | Killed a five-headed hydra
 19387 | Lair:5   | XOM: scenery: create altars
 19393 | Lair:5   | Killed an eight-headed hydra
 19552 | Lair:5   | XOM: destruction
 19585 | Lair:4   | Reached XP level 13. HP: 86/139 MP: 10/10
 19981 | Lair:6   | XOM is BORED!
 19981 | Lair:6   | XOM: medium Summ miscast
 20349 | Lair:6   | XOM: colour smoke trail
 20438 | Lair:6   | XOM: give mutations
 20438 | Lair:6   | Lost mutation: You are somewhat resistant to further mutation. [Xom's mischief]
 20438 | Lair:6   | Lost mutation: You possess an exceptional clarity of mind. [Xom's mischief]
 20507 | Lair:6   | XOM: noise
 20577 | Lair:6   | XOM: harmless Erth miscast
 20818 | Lair:6   | XOM: potion effect (brilliance)
 20827 | Lair:6   | XOM: potion effect (berserk rage)
 20829 | Lair:6   | XOM: silly message
 20833 | Lair:6   | XOM: potion effect (brilliance)
 20834 | Lair:6   | XOM: summons friendly iron imp
 20849 | Lair:6   | Reached skill level 17 in Maces & Flails
 20966 | Lair:6   | XOM: silly message
 21111 | Lair:6   | XOM: colour smoke trail
 21333 | D:6      | Bought a scroll of brand weapon for 240 gold pieces
 21337 | D:6      | XOM: 5-stop teleportation journey
 21572 | Lair:7   | XOM: harmless Ice miscast
 21654 | Lair:7   | XOM: torment (53/139 hp)
 21668 | Lair:7   | XOM: enchant monster (bad)
 21672 | Lair:7   | XOM: 1-stop teleportation journey
 21674 | Lair:7   | XOM: noise
 21681 | Lair:7   | XOM: blink monster(s)
 21691 | Lair:7   | XOM: destruction
 21694 | Lair:7   | XOM: noise
 21864 | Lair:7   | XOM: repel stairs
 21871 | Lair:7   | XOM: cast spell 'Necromutation'
 21940 | Lair:7   | XOM: potion effect (brilliance)
 22252 | Lair:7   | XOM: enchant monster (good)
 22338 | Lair:7   | Learned a level 1 spell: Summon Butterflies
 22390 | Lair:7   | XOM: chaos cloud
 22406 | Lair:7   | Found a staircase to the Slime Pits.
 22444 | Lair:7   | XOM: enchant monster (good)
 22449 | Lair:7   | XOM: divine lightning
 22450 | Lair:7   | XOM: summons friendly ufetubus
 22480 | Lair:6   | XOM: divination: detect creatures
 22662 | Lair:7   | XOM: fake destruction
 22784 | Lair:7   | XOM: smoke on damage
 22813 | Lair:7   | XOM: mild Erth miscast
 22870 | Lair:7   | XOM is BORED!
 22870 | Lair:7   | XOM: mild Necr miscast
 22912 | Lair:7   | Reached skill level 18 in Maces & Flails
 23225 | Lair:7   | XOM: mild Necr miscast
 23258 | Lair:7   | XOM: confuse monster(s)
 23336 | Lair:8   | Entered Level 8 of the Lair of Beasts
 23336 | Lair:8   | XOM: snakes to sticks
 23372 | Lair:7   | XOM: vitrification
 23375 | Lair:7   | XOM: scenery: create altars
 23585 | Lair:8   | Found a frozen archway.
 23589 | Lair:8   | XOM: confuse monster(s)
 23649 | IceCv    | XOM: noise
 23649 | IceCv    | Entered an ice cave
 23751 | IceCv    | XOM: mild Tloc miscast
 23753 | IceCv    | XOM: 1-stop teleportation journey
 23832 | IceCv    | XOM: summons 5 hostile demons
 23843 | IceCv    | Reached XP level 14. HP: 95/147 MP: 11/11
 24105 | IceCv    | XOM: 1-stop teleportation journey
 24122 | IceCv    | XOM: summons 4 hostile demons
 24138 | IceCv    | XOM: mild Conj miscast
 24391 | IceCv    | Found an ancient bone altar of Kikubaaqudgha.
 24947 | IceCv    | XOM: mild Chrm miscast
 25196 | Lair:8   | XOM: summons 6 friendly demons
 25213 | Lair:8   | XOM: blink monster(s)
 25308 | Lair:8   | Paralysed by a hornet for 3 turns
 25312 | Lair:8   | XOM is BORED!
 25312 | Lair:8   | XOM: noise
 25328 | Lair:8   | XOM: harmless Ice miscast
 25538 | Lair:8   | XOM: cast spell 'Warp Weapon'
 25541 | Lair:8   | Reached skill level 5 in Armour
 25659 | Lair:8   | XOM: enchant monster (good)
 25760 | Lair:8   | XOM: harmless Summ miscast
 25848 | Lair:8   | XOM: harmless Tloc miscast
 25929 | Lair:8   | XOM: silly message
 25975 | Lair:8   | XOM: god gift: disc of storms
 26220 | Lair:8   | XOM: give mutations
 26220 | Lair:8   | Gained mutation: You have claws for feet. [Xom's grace]
 26220 | Lair:8   | Gained mutation: You have a pair of small horns on your head. [Xom's grace]
 26220 | Lair:8   | Gained mutation: You have supernaturally acute eyesight. [Xom's grace]
 26231 | Lair:8   | XOM: give mutations
 26231 | Lair:8   | Gained mutation: You have a somewhat thin skeletal structure (Dex +2, Stealth). [Xom's grace]
 26231 | Lair:8   | Gained mutation: You passively map a small area around you. [Xom's grace]
 26231 | Lair:8   | Gained mutation: You are very robust (+20% HP). [Xom's grace]
 26361 | Lair:8   | Reached skill level 19 in Maces & Flails
 26366 | Lair:8   | XOM: silly message
 26669 | Lair:8   | XOM: destruction
 26686 | Lair:8   | Paralysed by a wasp for 1 turns
 26690 | Lair:8   | XOM: polymorph black mamba -> guardian serpent
 27034 | Lair:8   | XOM: enchant monster (bad)
 27134 | Lair:8   | Found a runed door.
 27162 | Lair:8   | XOM: confusion
 27163 | Lair:8   | XOM: scenery: create altars
 27167 | Lair:8   | XOM: mild Air miscast
 27178 | Lair:8   | XOM: enchant monster (good)
 27227 | Lair:8   | XOM: cast spell 'Call Canine Familiar'
 27436 | Lair:8   | XOM: enchant monster (good)
 27642 | Lair:8   | XOM: summons 7 hostile demons
 27856 | Lair:8   | XOM: smoke on damage
 28148 | D:11     | Killed Nergalle
 28157 | D:11     | XOM: 1-stop teleportation journey
 28158 | D:11     | Noticed Fannar
 28162 | D:11     | XOM: stat loss: -1 Dex (12/13)
 28173 | D:11     | Killed Fannar
 28257 | D:11     | Found a white marble altar of Elyvilon.
 28262 | D:11     | XOM: smoke on damage
 28360 | D:11     | Noticed Maurice
 28372 | D:11     | Killed Maurice
 28411 | D:11     | XOM: mild Divn miscast
 28487 | D:11     | XOM: summons 7 hostile demons
 28612 | D:12     | You fall through a shaft!
 28617 | D:13     | XOM: harmless Ice miscast
 28629 | D:13     | Reached XP level 15. HP: 102/171 MP: 12/12
 28713 | D:13     | XOM: summons 7 hostile demons
 28974 | D:13     | Found a gate to the Vaults.
 28979 | D:13     | XOM: divination: detect items
 28989 | D:13     | XOM: divination: magic mapping
 29005 | D:13     | XOM: cast spell 'Summon Small Mammal'
 29038 | D:12     | XOM: cast spell 'Necromutation'
 29074 | D:12     | XOM: harmless Ice miscast
 29222 | D:12     | Cast into level 1 of the Abyss (wight)
 29233 | Abyss:2  | Found a corrupted altar of Lugonu.
 29348 | Abyss:2  | XOM: divination: detect items
 29423 | Abyss:2  | XOM: harmless Erth miscast
 29558 | Abyss:2  | XOM: mild Conj miscast
 29597 | Abyss:2  | XOM: silly message
 29620 | Abyss:2  | XOM: colour smoke trail
 29631 | Abyss:2  | XOM: silly message
 30157 | Abyss:2  | XOM: cast spell 'Summon Butterflies'
 30224 | Abyss:2  | Noticed a bone dragon
 30224 | Abyss:2  | XOM: fake destruction
 30225 | Abyss:2  | XOM: summons friendly ufetubus
 30275 | Abyss:2  | XOM: god gift: 34 gold pieces
 30318 | Abyss:2  | Noticed a deep elf sorcerer
 30326 | Abyss:2  | Killed a deep elf sorcerer
 30435 | Abyss:2  | Noticed a tentacled starspawn
 30447 | Abyss:2  | XOM: destruction
 30580 | Abyss:2  | XOM: harmless Tloc miscast
 30790 | Abyss:2  | XOM: enchant monster (bad)
 30794 | Abyss:2  | XOM: polymorph sun demon -> soul eater
 30807 | Abyss:2  | XOM: divine lightning (protected)
 30821 | Abyss:2  | XOM: summons 5 friendly demons
 30842 | Abyss:2  | Noticed a tentacled starspawn
 30847 | Abyss:2  | XOM: summons friendly quasit
 30865 | D:12     | Escaped the Abyss
 30905 | D:12     | XOM: swap monsters
 31012 | D:12     | Found a staircase to the Orcish Mines.
 31120 | D:11     | XOM: god gift: runed battleaxe {god gift}
 31172 | D:12     | Got an ancient rapier
 31658 | Orc:1    | Entered Level 1 of the Orcish Mines
 31671 | Orc:1    | XOM: summons friendly shadow imp
 31672 | Orc:1    | XOM: summons 5 friendly demons
 31803 | Orc:2    | Entered Level 2 of the Orcish Mines
 31803 | Orc:2    | Found a staircase to the Elven Halls.
 31803 | Orc:2    | Noticed Sonja
 31803 | Orc:2    | XOM: give mutation
 31803 | Orc:2    | Lost mutation: You have a pair of small horns on your head. [Xom's mischief]
 31962 | Orc:2    | XOM: enchant monster (bad)
 31963 | Orc:2    | XOM: chaos upgrade
 32015 | Orc:1    | XOM: 1-stop teleportation journey
 32159 | Orc:2    | Killed Sonja
 32358 | Orc:2    | Noticed Snorg
 32365 | Orc:2    | XOM: torment (66/171 hp)
 32371 | Orc:2    | XOM: chaos cloud
 32372 | Orc:2    | XOM: harmless Air miscast
 32373 | Orc:2    | XOM: swap monsters
 32378 | Orc:2    | XOM: summons friendly quasit
 32387 | Orc:2    | Killed Snorg
 32387 | Orc:2    | Reached skill level 20 in Maces & Flails
 32698 | Orc:2    | Found Eqintiar's Gadget Shoppe.
 32727 | Orc:2    | Killed from afar by an orc sorcerer

Vault maps used:
D:1:      tarquinn_simple_flora_water_e
D:2:      lemuel_crystal_altar, first_bread, st_stairs_3, nrook_loot_triangle,
          uniq_jessica
D:3:      tgw_sif, minivault_27, uniq_natasha, uniq_robin
D:4:      uniq_eustachio
D:5:      nicolae_ossuary_entry_ruins
D:6:      tso_metal_star, minmay_temple_entry_mist, serial_shops, shop, shop,
          nicolae_shop_trees, shop, shop, yredelemnul_altar_generic
D:7:      corexii_shack_village, zin_academy, nicolae_overflow_crystal_walls,
          minitemple, basic_altar, grunt_ogre_cave, uniq_menkaure
D:8:      kb_xom_exploding_sheep
D:9:      roderic_roman_lattice, nicolae_qazlal_general_emergency
D:10:     grunt_lair_entry_orc_guard_hut, lemuel_mausoleum_altar_kikubaaqudgha
D:11:     basic_altar, grunt_ministairs_15, uniq_nergalle, uniq_maurice,
          uniq_fannar
D:12:     zombieorc1_lemuel, minmay_misc_feat_roman,
          hangedman_abyss_or_decor_lesser_grid
D:13:     minmay_diamond_stairs, erik_vaults_1, serial_curves, eino_curves_01,
          eino_curves_03, minmay_radiant
Lair:1:   bh_autumn_forest_stairs
Lair:2:   gammafunk_lair_bear_cave, beast_lair_carwin_8, serial_bayou_shore_b,
          serial_bayou_shore_b
Lair:4:   minmay_swamp_entry_worms, grunt_forest_small_clearing_treed
Lair:5:   nicolae_spider_entry_non_spiders, hangedman_lair_generics_rect,
          grunt_megastairs_2, infiniplex_staircase_pool, serial_bayou_shore_a,
          serial_bayou_shore_b
Lair:6:   lemuel_fruit_tree, grunt_megastairs_4
Lair:7:   minmay_lair_oklob_chamber, nicolae_slime_entry_slimehenge
Lair:8:   wormcave, hangedman_lair_tendril_chambers,
          portal_ice_cave_entry_animals_and_master
Orc:2:    st_orc_mages, serial_shops, shop, uniq_sonja, uniq_snorg
Abyss:2:  evilmike_abyss_exit_glass
IceCv:    ice_cave_small_necro

Skill      XL: |  1  2  3  4  5  6  7  8  9 10 11 12 13 14 15 |
---------------+----------------------------------------------+-----
Maces & Flails | 3 4 5 6 7 9 11 12 13 15 16 18 19 20 | 20.0
Fighting       | 4 6 8 |  8.0
Throwing       | 2 5 |  5.1
Dodging        | 3 |  3.6
Armour         | 3 7 9 |  9.5

Action                   |  1- 3 |  4- 6 |  7- 9 | 10-12 | 13-15 || total
-------------------------+-------+-------+-------+-------+-------++-------
Melee: Mace              |    76 |    50 |       |       |       ||   126
       Flail             |       |   198 |   210 |       |       ||   408
       Morningstar       |       |       |    60 |    52 |       ||   112
       Dire flail        |       |       |   218 |   325 |       ||   543
       Giant spiked club |       |       |       |     3 |       ||     3
       Dire flail        |       |       |       |   750 |   175 ||   925
       Kick              |       |       |       |   171 |   500 ||   671
       Giant spiked club |       |       |       |       |  1303 ||  1303
       Headbutt          |       |       |       |       |   135 ||   135
 Fire: Blowgun           |       |       |       |    23 |       ||    23
       Blowgun           |       |       |       |       |     1 ||     1
Throw: Javelin           |     2 |     1 |     5 |    15 |    34 ||    57
       Throwing net      |       |       |     1 |     5 |       ||     6
       Large rock        |       |       |       |    74 |    32 ||   106
       Tomahawk          |       |       |       |       |    16 ||    16
 Cast: Repel Missiles    |       |       |       |     1 |     1 ||     2
 Abil: Blink             |       |       |       |       |     1 ||     1
Evoke: Club              |       |     7 |     7 |       |       ||    14
       Wand              |       |       |       |    43 |     9 ||    52
       Fan of gales      |       |       |       |       |     1 ||     1
  Use: Scroll            |     1 |     9 |    14 |     2 |       ||    26
       Potion            |       |     4 |     6 |     1 |       ||    11
       Potion            |       |       |       |    10 |     4 ||    14
       Scroll            |       |       |       |     8 |    18 ||    26
 Stab: Confused          |     1 |     1 |       |       |       ||     2
       Invisible         |       |       |     4 |     4 |       ||     8
       Held in net/web   |       |       |     1 |       |       ||     1
       Sleeping          |       |       |     3 |       |       ||     3
       Paralysed         |       |       |       |     3 |       ||     3
       Confused          |       |       |       |     3 |     7 ||    10
       Betrayed ally     |       |       |       |     1 |       ||     1
       Sleeping          |       |       |       |     1 |       ||     1
       Distracted        |       |       |       |       |     4 ||     4
  Eat: Chunk             |    11 |    25 |    63 |    28 |       ||   127
       Chunk             |       |       |       |    75 |   110 ||   185
       Meat ration       |       |       |       |     2 |     1 ||     3
       Fruit             |       |       |       |     2 |       ||     2
       Royal jelly       |       |       |       |     1 |     2 ||     3
       Pizza             |       |       |       |     1 |       ||     1
       Beef jerky        |       |       |       |       |     3 ||     3
       Bread ration      |       |       |       |       |     1 ||     1
Armor: Robe              |       |       |       |   355 |   108 ||   463
       Skin              |       |       |       |    63 |       ||    63
       Ice dragon armour |       |       |       |       |   855 ||   855
Dodge: Dodged            |       |       |       |   232 |   686 ||   918
       Deflected         |       |       |       |       |     7 ||     7
Block: Other             |       |       |       |    29 |    93 ||   122
